 Dungeon Crawl Stone Soup version 0.31-a0-1424-g2add1c7226 (webtiles) character file.

Game seed: 13345971328628691209

9563 porpoise the Skirmisher (level 11, -3/87 HPs)
             Began as a Minotaur Hunter on Dec 27, 2023.
             Was a Priest of Hepliaklqana.
             Slain by a lindwurm simulacrum (8 damage)
             ... in an ice cave.
             The game lasted 00:31:28 (11010 turns).

porpoise the Skirmisher (Minotaur Hunter)          Turns: 11010, Time: 00:31:30

Health: -3/87      AC: 13    Str: 16    XL:     11   Next: 24%
Magic:  0/13       EV: 17    Int:  6    God:    Hepliaklqana [***...]
Gold:   491        SH:  0    Dex: 18    Spells: 10/10 levels left

rFire   . . .        a - +0 orcbow
rCold   . . .        (shield currently unavailable)
rNeg    . . .        N - +2 scale mail {Will+}
rPois   .            (helmet restricted)
rElec   .            (no cloak)
rCorr   .            f - +2 pair of gloves
SInv    .            (no boots)
Will    +....        y - amulet of guardian spirit Stlth
                     d - +4 ring of slaying
HPRegen 0.34/turn    L - +5 ring of evasion
MPRegen 0.13/turn

%: guardian spirit
@: no status effects
A: reduced essence, horns 2, retaliatory headbutt
a: Renounce Religion, Recall Ancestor, Ancestor Identity, Transference


You were in an ice cave.
You worshipped Hepliaklqana.
Hepliaklqana was most pleased with you.
You visited 2 branches of the dungeon, and saw 12 of its levels.
You also visited: Ice Cave.

You collected 587 gold pieces.
You spent 96 gold pieces at shops.

Inventory:

Hand Weapons
 a - a +0 orcbow (weapon)
 b - a +1 demon whip of venom
 w - a +0 dagger of draining
 Q - a +2 dagger of venom
 R - a +4 trident
 S - the +3 quarterstaff "Kolo" {freeze, Int+2}
   (You found it on level 10 of the Dungeon)

   Int+2:     It affects your intelligence (+2).
Missiles
 k - 7 boomerangs
 v - a throwing net
 E - 2 curare-tipped darts
 G - 15 poisoned darts
 J - 2 darts of dispersal
Armour
 e - a +0 ring mail
 f - a +2 pair of gloves (worn)
 q - an orb of light
 t - an orb of guile
 N - a +2 scale mail of willpower (worn)
Jewellery
 d - a +4 ring of slaying (left hand)
 y - an amulet of guardian spirit (around neck)
 K - a ring of fire
 L - a +5 ring of evasion (right hand)
Wands
 C - a wand of charming (15)
 H - a wand of digging (6)
 M - a wand of flame (18)
 T - a wand of roots (14)
Scrolls
 g - a scroll of butterflies
 j - 3 scrolls of teleportation
 l - a scroll of enchant armour {unknown}
 n - a scroll of blinking
 o - a scroll of enchant weapon {unknown}
 p - a scroll of revelation
 r - a scroll of silence {unknown}
 s - a scroll of fear {unknown}
 u - a scroll of noise
 x - a scroll of torment {unknown}
 A - 2 scrolls of amnesia
 B - a scroll of poison
 D - a scroll of identify
 F - a scroll of fog {unknown}
 O - a scroll of summoning
 P - a scroll of immolation {unknown}
Potions
 c - 3 potions of enlightenment
 h - 5 potions of haste
 i - 6 potions of curing
 m - 2 potions of heal wounds
 z - 2 potions of might
 I - 2 potions of brilliance
Miscellaneous
 U - a lightning rod (4/4)


   Skills:
 - Level 9.0 Fighting
 + Level 3.8 Maces & Flails
 * Level 14.3 Ranged Weapons
 - Level 7.0 Armour
 + Level 6.1 Dodging
 - Level 0.7 Stealth
 - Level 5.0 Invocations


You had 10 spell levels left.
You didn't know any spells.
Your spell library contained the following spells:

 Spells                   Type           Power      Damage    Failure   Level
 Magic Dart               Conj           0%         1d3       83%         1
 Sandblast                Erth           0%         2d4       83%         1
 Slow                     Hex            0%         N/A       83%         1
 Blink                    Tloc           0%         N/A       93%         2
 Call Imp                 Summ           0%         N/A       93%         2
 Lesser Beckoning         Tloc           0%         N/A       93%         2
 Momentum Strike          Conj/Tloc      0%         3d8       93%         2
 Passwall                 Alch/Erth      0%         N/A       93%         2
 Searing Ray              Conj           0%         2d4       93%         2
 Confusing Touch          Hex            0%         N/A       99%         3
 Sigil of Binding         Hex            0%         N/A       99%         3
 Stone Arrow              Conj/Erth      0%         3d7       99%         3
 Vampiric Draining        Necr           0%         2d6       99%         3
 Anguish                  Hex/Necr       0%         N/A       100%        4
 Brom's Barrelling Bould  Conj/Erth      0%         2d3       100%        4
 Dimensional Bullseye     Hex/Tloc       0%         N/A       100%        4
 Fulminant Prism          Conj/Alch      0%         3d5       100%        4
 Summon Cactus Giant      Summ           0%         N/A       100%        6


Dungeon Overview and Level Annotations

Branches:
Dungeon (11/15)            Temple (1/1) D:4             Orc (0/2) D:10
  IceCv (1/1)
   Lair: D:8-11

Altars:
Ashenzari
Cheibriados
Dithmenos
Elyvilon
Fedhas
Gozag
Hepliaklqana
Kikubaaqudgha
Makhleb
Nemelex Xobeh
Okawaru
Qazlal
Ru
Sif Muna
Trog
Uskayaw
Vehumet
Wu Jian
Xom
Yredelemnul
Zin
The Shining One

Shops:
D:2 *   D:5 *   D:8 *

Annotations:
D:3 3 runed translucent doors, gummybears's ghost, amateur TrFi


Innate Abilities, Weirdness & Mutations

Your life essence is reduced to manifest your ancestor. (-10% HP)
You have a pair of horns on your head.
You reflexively headbutt those who attack you in melee.


Message History

The arrow closely misses the ice dragon.
The arrow hits the komodo dragon simulacrum!
The komodo dragon simulacrum vaporises!
You shoot an arrow. The arrow barely misses the ice dragon.
The arrow closely misses the rime drake.
The rime drake is engulfed in freezing vapours.
The ice dragon closely misses you. x2; The ice dragon barely misses you.
You shoot an arrow. The arrow hits the ice dragon!
The ice dragon is lightly wounded.
The ice dragon misses you. You furiously retaliate!
You headbutt the ice dragon.
The ice dragon completely misses you. x2
You shoot an arrow. The arrow hits the rime drake!!
You kill the rime drake!
The ice dragon barely misses you. The ice dragon closely misses you.
The ice dragon tramples you but does no damage.
You shoot an arrow. The arrow hits the ice dragon!
The ice dragon is moderately wounded.
The ice dragon bites you but does no damage.
The ice dragon barely misses you. x2
You shoot an arrow. The arrow hits the ice dragon!
The ice dragon is moderately wounded.
The ice dragon completely misses you. The ice dragon barely misses you.
The ice dragon tramples you but does no damage.
You shoot an arrow. The arrow barely misses the ice dragon.
The ice dragon breathes frost at you. The blast of cold hits you!!!
You shoot an arrow. The arrow hits the ice dragon.
The ice dragon is moderately wounded.
The ice dragon misses you. x2; The ice dragon closely misses you.
You shoot an arrow. The arrow hits the ice dragon!
The ice dragon is heavily wounded.
The ice dragon misses you. The ice dragon claws you!
The ice dragon tramples you but does no damage.
You shoot an arrow. The arrow hits the ice dragon.
The ice dragon is heavily wounded.
The ice dragon breathes frost at you. The blast of cold hits you!!!
* * * LOW HITPOINT WARNING * * *
The lindwurm simulacrum bites you!
You die...

#..## ...
##.# ..
#.## ##..
##.## #..
#.#.# #†.
#..##
#.## #.##
#DZ##
#..#
#@..#
##.##
#..#####
#..#
##.#...##
##.#
#...#..#
#.#.
#..##.##
##.#
##.#..#
##..#
###.###
#..##
#...##
##..#
###..##
##.#


You could see an ice dragon (catching breath) and a lindwurm simulacrum.

Vanquished Creatures
  Amaemon (D:10)
  A harpy (shapeshifter) (D:9)
  An orange demon (D:10)
  2 ice statues (IceCv)
  4 rime drakes (IceCv)
  A slime creature (D:9)
  2 wraiths (D:9)
  A wyvern (D:9)
  A steam dragon (D:5)
  2 orc warriors (D:10)
  A sky beast (D:8)
  An ogre (D:6)
  3 centaurs
  A kobold brigand (D:11)
  4 bullfrogs
  2 two-headed ogre simulacra (D:11)
  A scorpion (D:5)
  24 wights
  4 lindwurm simulacra (IceCv)
  12 killer bees
  A howler monkey (D:10)
  4 komodo dragon simulacra (IceCv)
  4 orc priests
  2 bombardier beetles
  A gnoll bouda (D:4)
  6 hounds
  3 jellies
  12 orc wizards
  A sleepcap (D:4)
  Robin (D:4)
  6 acid dragon simulacra (IceCv)
  3 gnolls
  14 adders
  A naga simulacrum (D:11)
  A shadow imp (D:8)
  2 steam dragon simulacra (IceCv)
  2 worms (D:2)
  2 dart slugs
  31 orcs
  2 endoplasms
  A giant cockroach (D:2)
  14 goblins
  10 hobgoblins
  9 jackals
  20 kobolds
  4 quokkas
  6 ball pythons
  3 bats
  5 frilled lizards
  8 rats
248 creatures vanquished.

Vanquished Creatures (collateral kills)
  A two-headed ogre (D:9)
  A shadow (D:10)
  A basilisk (D:9)
  An orc warrior (D:10)
  A kobold brigand (D:7)
  A bullfrog (D:7)
  A wight (D:7)
  4 killer bees
  A lindwurm simulacrum (IceCv)
  3 komodo dragon simulacra (IceCv)
  An iguana (D:7)
  4 orc wizards
  A troll simulacrum (D:11)
  A naga simulacrum (D:11)
  4 orcs
  7 kobolds
33 creatures vanquished.

Vanquished Creatures (others)
  4 knights
  An ancestor (D:9)
5 creatures vanquished.

Grand Total: 286 creatures vanquished

Notes
Turn   | Place    | Note
-------+----------+-------------------------------------------
     0 | D:1      | porpoise the Minotaur Hunter began the quest for the Orb.
     0 | D:1      | Reached XP level 1. HP: 18/18 MP: 0/0
   379 | D:1      | Reached XP level 2. HP: 25/25 MP: 1/1
   562 | D:1      | Reached skill level 1 in Armour
  1014 | D:2      | Reached skill level 5 in Ranged Weapons
  1062 | D:2      | Reached XP level 3. HP: 31/31 MP: 2/2
  1141 | D:2      | Found Tyivig's General Store.
  1142 | D:2      | Found a broken altar of Ashenzari.
  1240 | D:2      | Reached XP level 4. HP: 38/38 MP: 3/3
  1411 | D:2      | Found a faded altar of an unknown god.
  1555 | D:3      | Found a runed translucent gate.
  1555 | D:3      | Found a runed translucent gate.
  1579 | D:3      | Found a runed translucent gate.
  1770 | D:3      | Noticed gummybears's ghost (amateur TrFi)
  1985 | D:4      | Reached XP level 5. HP: 46/46 MP: 4/4
  1994 | D:3      | Reached skill level 6 in Ranged Weapons
  2126 | D:4      | Noticed Robin
  2288 | D:4      | Killed Robin
  2382 | D:4      | Reached XP level 6. HP: 52/52 MP: 5/5
  2440 | D:4      | Reached skill level 7 in Ranged Weapons
  2882 | D:4      | Reached XP level 7. HP: 60/60 MP: 6/6
  2905 | D:4      | Reached skill level 5 in Fighting
  3120 | D:4      | Found a staircase to the Ecumenical Temple.
  3126 | Temple   | Entered the Ecumenical Temple
  3145 | Temple   | Became a worshipper of Hepliaklqana the Forgotten
  3210 | D:5      | Entered Level 5 of the Dungeon
  3325 | D:5      | Found an opulent altar of Gozag.
  3327 | D:5      | Noticed a steam dragon
  3343 | D:5      | Killed a steam dragon
  3344 | D:5      | Reached skill level 8 in Ranged Weapons
  3515 | D:5      | Found Gozag's Platinum Reserve.
  3573 | D:5      | Reached skill level 5 in Armour
  3775 | D:5      | Reached XP level 8. HP: 58/70 MP: 5/7
  4368 | D:6      | Reached skill level 9 in Ranged Weapons
  4927 | D:6      | Found an ornate altar of the Wu Jian Council.
  5497 | D:7      | Reached * piety under Hepliaklqana
  5557 | D:7      | Reached skill level 10 in Ranged Weapons
  5718 | D:7      | Found a white marble altar of Elyvilon.
  5938 | D:7      | Found a shimmering blue altar of Sif Muna.
  6005 | D:7      | Reached XP level 9. HP: 54/71 MP: 5/8
  6390 | D:8      | Got the Precepts of Entrancing Accomplices
  6548 | D:8      | Reached skill level 1 in Invocations
  6677 | D:8      | Found a glowing golden altar of the Shining One.
  6888 | D:8      | Reached skill level 11 in Ranged Weapons
  7137 | D:8      | Found Muabuk Unoymp's Assorted Antiques.
  7144 | D:8      | Bought an iron wand for 96 gold pieces
  7792 | D:9      | Reached ** piety under Hepliaklqana
  7793 | D:9      | Remembered your ancestor Nikki as a knight
  7848 | D:9      | Reached skill level 12 in Ranged Weapons
  8043 | D:9      | Reached XP level 10. HP: 81/81 MP: 11/11
  8055 | D:9      | Noticed a two-headed ogre
  8060 | D:9      | Killed a two-headed ogre
  8246 | D:9      | Found a radiant altar of Vehumet.
  8337 | D:9      | Noticed a black mamba
  8338 | D:9      | a black mamba changed into a harpy
  8338 | D:9      | Noticed a harpy (shapeshifter)
  8343 | D:9      | Killed a harpy
  9024 | D:10     | Entered Level 10 of the Dungeon
  9054 | D:10     | Found a staircase to the Orcish Mines.
  9099 | D:10     | Reached skill level 13 in Ranged Weapons
  9112 | D:10     | Reached *** piety under Hepliaklqana
  9180 | D:10     | Noticed Amaemon
  9189 | D:10     | Reached skill level 5 in Invocations
  9198 | D:10     | Killed Amaemon
  9394 | D:10     | Reached skill level 5 in Dodging
  9444 | D:10     | Reached skill level 1 in Maces & Flails
  9498 | D:10     | Identified the +3 quarterstaff "Kolo" {freeze, Int+2}
  9525 | D:10     | Noticed an orange demon
  9537 | D:10     | Killed an orange demon
 10010 | D:11     | Found a frozen archway.
 10019 | IceCv    | Entered an ice cave
 10168 | IceCv    | Reached XP level 11. HP: 58/87 MP: 7/13
 10332 | IceCv    | Reached skill level 14 in Ranged Weapons
 10988 | IceCv    | Noticed an ice dragon
 11010 | IceCv    | Slain by a lindwurm simulacrum

Illustrated notes

Levels and vault maps discovered:
D:1:      elethiomel_arrival_infinity_welcomes_careful_drivers,
          layout_loops_ring, dk_noncrumbling_2
D:2:      layout_basic, basic_altar, serial_shops, shop,
          dilly_ecumenical_altar_fadedgnrine, kennysheep_generic_room_5
D:3:      layout_rooms, gammafunk_ghost_icy
D:4:      layout_cave_pools, minmay_temple_entry_fiery, minmay_quadrilaterals,
          uniq_robin
D:5:      layout_basic, nicolae_gozag_zags_fifth_avenue
D:6:      layout_loops_ring, kennysheep_little_box
D:7:      layout_loops_cross, lemuel_blue_sif_altar,
          mainiacjoe_overflow_tiny_flanked
D:8:      layout_basic, mainiacjoe_overflow_paths, serial_shops, shop,
          mrwooster_statue_mirror, kennysheep_generic_room_15
D:9:      layout_layer_cave, nicolae_vehumet_altar_sigil,
          hangedman_minor_gate_pass
D:10:     layout_gridville, minmay_orc_entry_temple_small,
          hangedman_abyss_or_decor_clamps, uniq_amaemon
D:11:     layout_roguey, hellmonk_lair_entry_icy, serial_undead,
          serial_undead_e, serial_undead_b, serial_undead_d, serial_undead_b,
          portal_ice_cave_entry_ice_simulacra, hangedman_abyss_or_decor_stabs,
          uniq_fannar
Temple:   nicolae_temple_slightly_damp_pantheon
IceCv:    ice_cave_small_dragons

Skill      XL: |  1  2  3  4  5  6  7  8  9 10 11 |
---------------+----------------------------------+-----
Armour         | 1 2 3 4 5 6 7 |  7.0
Ranged Weapons | 5 6 7 8 10 12 13 14 | 14.3
Fighting       | 3 4 5 7 9 |  9.0
Invocations    | 3 5 |  5.0
Dodging        | 5 6 |  6.1
Maces & Flails | 2 3 |  3.8
Stealth        | |  0.7

Action                     |  1- 3 |  4- 6 |  7- 9 | 10-12 || total
---------------------------+-------+-------+-------+-------++-------
  Melee: Dagger            |       |       |     8 |       ||     8
         Headbutt          |       |       |     3 |       ||     3
         Trident           |       |       |     6 |       ||     6
   Fire: Shortbow          |    94 |   172 |       |       ||   266
         Orcbow            |       |    15 |   287 |   236 ||   538
 Invoke: Ancestor Identity |       |       |     1 |       ||     1
         Ancestor Life: Kn |       |       |     1 |       ||     1
    Use: Scroll            |     2 |       |    11 |       ||    13
         Potion            |       |       |     1 |     1 ||     2
 Armour: Ring mail         |    21 |   123 |   109 |       ||   253
         Scale mail        |       |       |       |    54 ||    54
  Dodge: Dodged            |    15 |    94 |   105 |    52 ||   266

Table legend: (Time is in decaauts)
 A = Elapsed time spent in this place.
 B = Non-inter-level travel time spent in this place.
 C = Inter-level travel time spent in this place.
 D = Time resting spent in this place.
 E = Time spent auto-exploring this place.
 F = Levels seen in this place.
 G = Mean time per level.
                   A        B        C        D        E       F      G
               +--------+--------+--------+--------+--------+-----+--------+
         Total |  11117 |  10759 |    358 |   3027 |   6131 |  13 |  855.2 |
       Dungeon |  10090 |   9768 |    322 |   2293 |   6084 |  11 |  917.3 |
        Temple |     38 |      2 |     36 |      0 |      0 |   1 |   38.0 |
      Ice Cave |    988 |    988 |      0 |    734 |     47 |   1 |  988.0 |
               +--------+--------+--------+--------+--------+-----+--------+

Top non-repeatable levels by time:
     D:9: 1522 daAuts
     D:6: 1265 daAuts
     D:8: 1166 daAuts
     D:5: 988 daAuts
   IceCv: 988 daAuts
    D:10: 943 daAuts
     D:4: 921 daAuts
     D:7: 903 daAuts
     D:1: 874 daAuts
     D:3: 844 daAuts
     D:2: 596 daAuts
    D:11: 63 daAuts
  Temple: 38 daAuts
